[Event "Early-Titled-Tuesday-Blitz-February-27-2024"]
[Site "Chess.com"]
[Date "2024.02.27"]
[Round "9"]
[White "chucksterf10"]
[Black "IlanSchnaider"]
[Result "0-1"]
[WhiteElo "2570"]
[BlackElo "2744"]
[TimeControl "180+1"]
[EndTime "9:45:22 PST"]
[Termination "IlanSchnaider won by resignation"]

1. a3 g6 2. d4 Bg7 3. Nf3 Nf6 4. Nc3 d5 5. Bf4 O-O 6. e3 Bf5 7. h3 Ne4 8. Nxe4 Bxe4 9. Bd3 c5 10. c3 Nc6 11. dxc5 Bxf3 12. gxf3 e5 13. Bg3 d4 14. cxd4 exd4 15. e4 Ne5 16. f4 Nxd3+ 17. Qxd3 Re8 18.
O-O Qc8 19. Kh2 Qxc5 20. Rac1 Qb6 21. b4 a5 22. b5 a4 23. f3 Rac8 24. Bf2 Qf6 25.
Bg3 Qd6 26. f5 Be5 27. f4 Bg7 28. fxg6 hxg6 29. f5 Be5 30. fxg6 fxg6 31. Rg1 Bxg3+ 32. Qxg3 Qxg3+ 33. Kxg3 Rxc1 34. Rxc1 Rxe4 35. Rc8+ Kf7 36. Rc7+ Re7 37. Rc4 Re3+ 38. Kf4 Rxa3 39. Rxd4 Ke6 40.
h4 Ra1 41. Kg5 Rg1+ 42. Kf4 a3 43. Ra4 Ra1 44. Kg5 a2 45. Kh6 Kd5 46. Ra3 Kc5 47.
Rc3+ Kb4 48. Rc2 Kb3 49. Rg2 Rh1 50. Rxa2 Kxa2 51. Kxg6 Rxh4 0-1

[Event "Early-Titled-Tuesday-Blitz-February-27-2024"]
[Site "Chess.com"]
[Date "2024.02.27"]
[Round "9"]
[White "tarno17"]
[Black "Barbix1"]
[Result "0-1"]
[WhiteElo "2142"]
[BlackElo "2287"]
[TimeControl "180+1"]
[EndTime "9:45:23 PST"]
[Termination "Barbix1 won by checkmate"]

1. e4 c5 2. Nf3 g6 3. d3 Nc6 4. g3 Bg7 5. Bg2 e5 6. Nc3 d6 7. Bg5 f6 8. Be3 Nge7 9. Qd2 Nd4 10. Nd5 O-O 11. c3 Ne6 12. Bh6 Nc6 13. h4 f5 14.
h5 f4 15. Bxg7 Kxg7 16. hxg6 hxg6 17. O-O-O b5 18. gxf4 Nxf4 19. Rdg1 Bg4 20. Nxf4 Rxf4 21. Nh4 Qf6 22. f3 Be6 23. Nxg6 Kxg6 24. Bf1+ Kf7 25. Rh7+ Ke8 26. Qh2 Rd8 27. Rh8+ Kd7 28. Rh7+ Ne7 29. Bh3 Re8 30. Rgg7 Rxf3 31. Bxe6+ Qxe6 32. Kc2 Qf6 33. Kb3 c4+ 34. dxc4 bxc4+ 35. Ka3 d5 36. Qh3+ Rxh3 37.
Rxh3 Qa6+ 38. Kb4 Rb8+ 39. Kc5 Qb6# 0-1

[Event "Early-Titled-Tuesday-Blitz-February-27-2024"]
[Site "Chess.com"]
[Date "2024.02.27"]
[Round "9"]
[White "Eagle_2019"]
[Black "ansko1999"]
[Result "0-1"]
[WhiteElo "2873"]
[BlackElo "2747"]
[TimeControl "180+1"]
[EndTime "9:45:24 PST"]
[Termination "ansko1999 won on time"]

1. e4 e5 2. Nf3 Nc6 3. Nc3 Nf6 4. g3 d5 5. exd5 Nxd5 6. Bg2 Nxc3 7. bxc3 Bc5 8. O-O O-O 9. d3 h6 10. Re1 Re8 11.
Be3 Bb6 12. a4 Bg4 13. h3 Bh5 14. g4 Bg6 15. Nd2 Bxe3 16. Rxe3 Rb8 17. Nc4 Qf6 18.
Qf3 Qxf3 19. Bxf3 f6 20. Rb1 Bf7 21. Kg2 Red8 22. Nd2 Ne7 23. c4 b6 24. Ree1 Ng6 25. Kg3 Nf4 26. Be4 Be6 27. h4 Kf7 28. Nf3 g6 29. d4 Bxc4 30. dxe5 g5 31. exf6 Kxf6 32. Rb4 Bf7 33. Bf5 c5 34. Rbe4 Bd5 35. hxg5+ hxg5 36. R4e3 Rh8 37. Ng1 Rh1 38. f3 Rbh8 39. Be4 Bc4 40. Bf5 R8h2 0-1

[Event "Early-Titled-Tuesday-Blitz-February-27-2024"]
[Site "Chess.com"]
[Date "2024.02.27"]
[Round "9"]
[White "ActorXu"]
[Black "Aygehovit1992"]
[Result "1/2-1/2"]
[WhiteElo "2836"]
[BlackElo "2700"]
[TimeControl "180+1"]
[EndTime "9:45:24 PST"]
[Termination "Game drawn by repetition"]

1. e4 c5 2. Nf3 e6 3. d4 cxd4 4. Nxd4 Nc6 5. Nc3 Qc7 6. Be3 a6 7. Qf3 b5 8. Qg3 Qxg3 9. hxg3 Bb7 10. Nxc6 Bxc6 11. f3 Nf6 12. g4 b4 13. Ne2 d5 14.
Nd4 Bb7 15. e5 Nd7 16. f4 Bc5 17. g5 h6 18. gxh6 Rxh6 19. Rxh6 gxh6 20. Bd3 f6 21. exf6 Kf7 22. Kd2 Nxf6 23. Rh1 Rg8 24. Rxh6 Rxg2+ 25. Ke1 Rg3 26. Bf2 Rg4 27. Be3 Rg3 28. Bf2 Rg2 29. c3 bxc3 30. bxc3 Rxf2 31. Rxf6+ Kxf6 32. Kxf2 Ba3 33. Ne2 a5 34. Ke3 Bc5+ 35. Kd2 a4 36. Bb5 a3 37. Bd3 Bd6 38. Kc2 Bc8 39. Kb3 Bd7 40. c4 dxc4+ 41. Kxc4 Bc6 42. Kd4 Bd5 43. Bc4 Bc6 44.
Kc3 Bf3 45. Kd4 Bxe2 46. Bxe2 Bxf4 47. Ke4 Bc1 48. Bc4 Bb2 49. Bb3 Ke7 50. Bc4 Kd6 51. Bb3 e5 52. Bc4 Kc5 53. Bb3 Kb4 54. Bg8 Bd4 55.
Bf7 Kc3 56. Bg8 Kb2 57. Bf7 Kc3 58.
Bg8 Kb2 59. Bf7 Kc3 1/2-1/2

[Event "Early-Titled-Tuesday-Blitz-February-27-2024"]
[Site "Chess.com"]
[Date "2024.02.27"]
[Round "9"]
[White "Savagelittlemole"]
[Black "Boorchess"]
[Result "1-0"]
[WhiteElo "2456"]
[BlackElo "2536"]
[TimeControl "180+1"]
[EndTime "9:45:25 PST"]
[Termination "Savagelittlemole won by resignation"]

1. e4 a5 2. Nf3 h5 3. Bc4 e6 4.
e5 d5 5. exd6 cxd6 6. d4 b6 7. d5 e5 8. Nc3 Nf6 9. Bg5 Be7 10. h3 g6 11. O-O Nh7 12. Be3 Bb7 13. Na4 Nd7 14. Bb5 Rb8 15. Bxd7+ Qxd7 16. Nxb6 Qf5 17.
c4 g5 18. Qa4+ Kd8 19. Qxa5 g4 20. Qa7 Rc8 21. Qxb7 gxf3 22. Qxc8+ Qxc8 23. Nxc8 Kxc8 24. gxf3 Ng5 25. Bxg5 Bxg5 26. Kh1 Rh6 27. Rg1 Bh4 28. Rg7 Rf6 29. Kg2 e4 30. fxe4 Rxf2+ 31. Kh1 Kd8 32.
b4 Ke7 33. c5 Bf6 34. Rag1 Be5 35. R7g2 Rf3 36. Rd1 Rxh3+ 37. Kg1 Ra3 38. c6 h4 39. Rc2 Kd8 40. Rf1 f6 41. c7+ Kc8 42. Rf5 Bc3 43. Rf3 Bd4+ 44. Kg2 Ra4 45. Rh3 Ra7 46. Rxh4 Rxc7 47. Rxc7+ Kxc7 48. Rh3 Kb6 49. a4 Be5 50. Rb3 Ka6 51. Kf3 Kb6 52. Ke2 Ka6 53. Kd3 Kb6 54. Kc4 Ka6 55. Ra3 Kb6 56. a5+ Ka6 57.
b5+ Kb7 58. a6+ Ka7 59. Rh3 Kb6 60. Rh7 f5 61. a7 1-0

[Event "Early-Titled-Tuesday-Blitz-February-27-2024"]
[Site "Chess.com"]
[Date "2024.02.27"]
[Round "9"]
[White "Viacheslav92"]
[Black "AniJak"]
[Result "1/2-1/2"]
[WhiteElo "2527"]
[BlackElo "2375"]
[TimeControl "180+1"]
[EndTime "9:45:25 PST"]
[Termination "Game drawn by repetition"]

1. d4 f5 2. Qd3 d5 3. g4 g6 4. Nc3 fxg4 5. h3 Nf6 6. hxg4 Bxg4 7. Bh3 Bxh3 8. Nxh3 Nc6 9. Bf4 a6 10. O-O-O Qd7 11. Ng5 Qf5 12. Qd2 O-O-O 13. Nf7 Ne4 14. Nxe4 Qxf7 15. Ng5 Qf5 16. f3 h6 17. e4 dxe4 18.
fxe4 Qf6 19. Nf3 g5 20. Be5 Nxe5 21. Nxe5 Bg7 22. Rhf1 Qe6 23. Qc3 Qxa2 24. b3 Bxe5 25. dxe5 Qa3+ 26. Kb1 g4 27. e6 Rhg8 28. Rd7 Rxd7 29.
exd7+ Kxd7 30. Qc4 Rg6 31. e5 c6 32. Rd1+ Kc7 33.
Qf7 Rg5 34. Qf8 Kb6 35. Qd8+ Ka7 36. Qd4+ c5 37. Qf4 Qb4 38. Qf8 c4 39. Rd8 Qe1+ 40.
Ka2 Qa5+ 41. Kb1 Qe1+ 42. Ka2 Qa5+ 43. Kb1 Qe1+ 1/2-1/2

[Event "Early-Titled-Tuesday-Blitz-February-27-2024"]
[Site "Chess.com"]
[Date "2024.02.27"]
[Round "9"]
[White "SaiAgni_98"]
[Black "Al_Shima"]
[Result "1-0"]
[WhiteElo "2561"]
[BlackElo "2418"]
[TimeControl "180+1"]
[EndTime "9:45:26 PST"]
[Termination "SaiAgni_98 won by resignation"]

1. e4 c5 2. Nf3 e6 3. g3 Nc6 4.
Bg2 g6 5. O-O Bg7 6. c3 Nge7 7.
Qe2 O-O 8. e5 d6 9. exd6 Qxd6 10. Na3 Rd8 11. Nb5 Qd3 12. Qxd3 Rxd3 13. a4 a6 14. Na3 e5 15. Ne1 Rd8 16. Nc4 Be6 17. Nb6 Rab8 18. d3 Bf5 19. Be3 Bxd3 20. Nxd3 Rxd3 21.
Bxc5 Rd2 22. Nc4 Rd7 23. a5 Rbd8 24. Rfe1 f5 25. f3 Kf7 26. Bf1 Bf6 27. Nb6 Rd2 28. Nc4 R2d7 29. Rab1 Nd5 30. Rbd1 Kg7 31. Be2 Nc7 32. b4 Ne6 33. Bb6 Rxd1 34. Bxd1 Rxd1 35.
Rxd1 e4 36. Rd7+ Kh6 37. f4 Bxc3 38. Rxb7 Nxb4 39. Ne5 Bxe5 40. fxe5 Nd3 41. Be3+ g5 42. Rb6 Kh5 43. Rxe6 f4 44. gxf4 gxf4 45. Bd4 e3 46.
Kf1 f3 47. Bxe3 Kg4 48. Re8 Kf5 49. e6 Ne5 50. e7 Ng4 51. Rf8+ Kg6 52. e8=Q+ 1-0

[Event "Early-Titled-Tuesday-Blitz-February-27-2024"]
[Site "Chess.com"]
[Date "2024.02.27"]
[Round "9"]
[White "Quattroporte300"]
[Black "mightysmasher"]
[Result "0-1"]
[WhiteElo "2413"]
[BlackElo "2549"]
[TimeControl "180+1"]
[EndTime "9:45:26 PST"]
[Termination "mightysmasher won by resignation"]

1. e4 e6 2. d4 d5 3. exd5 exd5 4.
Nf3 Nf6 5. Bd3 Bd6 6. O-O O-O 7.
h3 h6 8. c3 c6 9. Re1 Re8 10.
Nbd2 Rxe1+ 11. Qxe1 Be6 12. Nf1 Qc7 13. Be3 Nbd7 14. Qd2 Ne4 15. Qc2 f5 16. Re1 Rf8 17. Bc1 b5 18. b3 Nb6 19. Ne5 Bxe5 20. dxe5 Nd7 21. f4 Ndc5 22. Ba3 Nxd3 23. Qxd3 Re8 24. Bb2 Qb6+ 25. Qe3 Qd8 26. Nd2 a5 27. Nxe4 fxe4 28. g4 Qh4 29. Kg2 h5 30. Qg3 Qe7 31. f5 Bd7 32. e6 Bc8 33. Qe5 hxg4 34. hxg4 Qh4 35. Qg3 Qg5 36. Rh1 c5 37. Bc1 Qf6 38. Qh2 Kf8 39.
Qd6+ Kg8 40. Qc7 Bxe6 41. Bf4 Bf7 42. Qxc5 b4 43. Qd4 Qxd4 44. cxd4 Rc8 45. Rc1 Rxc1 46. Bxc1 Be8 47. Kg3 Kf7 48. Kf4 Kf6 49. g5+ Ke7 50.
Ke5 Bf7 51. Bd2 Kd7 52. g6 Bg8 53. a3 bxa3 54. Bxa5 a2 55. Bc3 e3 56. f6 gxf6+ 57.
Kxf6 e2 58. Kg7 Be6 59. Kf6 a1=Q 0-1

[Event "Early-Titled-Tuesday-Blitz-February-27-2024"]
[Site "Chess.com"]
[Date "2024.02.27"]
[Round "9"]
[White "mishanick"]
[Black "Onischuk_V"]
[Result "1-0"]
[WhiteElo "3074"]
[BlackElo "2797"]
[TimeControl "180+1"]
[EndTime "9:45:27 PST"]
[Termination "mishanick won by checkmate"]

1. d4 d6 2. Nf3 g6 3. c4 Bg7 4. Nc3 e5 5. d5 f5 6. e4 Nf6 7. Bd3 O-O 8. h3 Na6 9. Be3 Nc5 10. Bxc5 dxc5 11. Qc2 Ne8 12. O-O-O Nd6 13. Rde1 f4 14. h4 h6 15. Reg1 Bg4 16. Nh2 Qxh4 17. Nxg4 Qxg4 18. Be2 Qg5 19. Kb1 a6 20. a4 h5 21. Qd1 Qf6 22. g4 fxg3 23. Rxg3 h4 24. Rg2 g5 25. Bg4 Kf7 26. Be6+ Ke7 27. Qh5 Rh8 28.
Qe2 a5 29. Rh3 Raf8 30. Ka2 b6 31. Nd1 Qg6 32. Rg4 Rf4 33. Ne3 Qxe4 34. Rxg5 Bf6 35.
Rg6 Qxg6 36. Qd1 Nxc4 37. d6+ Kxe6 38. Qd5+ Kd7 39. Nxc4 Qe4 40. Qf7+ Kc6 41. Qxc7+ Kd5 42. Nxb6+ Ke6 43. Qd7# 1-0

[Event "Early-Titled-Tuesday-Blitz-February-27-2024"]
[Site "Chess.com"]
[Date "2024.02.27"]
[Round "9"]
[White "Makswolf200817"]
[Black "Zkid"]
[Result "1-0"]
[WhiteElo "2757"]
[BlackElo "2910"]
[TimeControl "180+1"]
[EndTime "9:45:27 PST"]
[Termination "Makswolf200817 won on time"]

1. d4 Nf6 2. c4 c5 3. d5 b5 4. cxb5 a6 5. bxa6 g6 6. Nc3 Bg7 7. Nf3 O-O 8. a7 Rxa7 9. e4 d6 10. Be2 Ba6 11. O-O Qb6 12. a4 Nbd7 13. h3 Rb8 14. Ra3 Qa5 15. Re1 Rb4 16. Bd2 Qb6 17.
Bxa6 Rxa6 18. Bc1 Ne8 19. Na2 Bxb2 20. Nxb4 cxb4 21. Ra2 Bxc1 22. Qxc1 b3 23. Rb2 f6 24. Qc4 Nc5 25. Ra1 Qb7 26. Nd4 Rb6 27. Nc6 e5 28. a5 Ra6 29. f4 Kg7 30. fxe5 fxe5 31. Nxe5 Nf6 32. Nc6 Nfxe4 33. Kh2 Qf7 34. Rf1 Qe8 35.
Re2 Rxc6 36. dxc6 Qxc6 37. Qf7+ Kh6 38. Qf4+ g5 39. Qf8+ Kg6 40. Qf7+ Kh6 41. h4 gxh4 42. Rf5 Ng3 43. Re6+ 1-0

[Event "Early-Titled-Tuesday-Blitz-February-27-2024"]
[Site "Chess.com"]
[Date "2024.02.27"]
[Round "9"]
[White "mary-sanna"]
[Black "Happy1712Drummer"]
[Result "1-0"]
[WhiteElo "2187"]
[BlackElo "2362"]
[TimeControl "180+1"]
[EndTime "9:45:27 PST"]
[Termination "mary-sanna won on time"]

1. d4 d5 2. c4 e6 3. Nf3 c5 4.
cxd5 exd5 5. g3 Nc6 6. Bg2 Nf6 7. O-O Be7 8. dxc5 Bxc5 9. Nc3 O-O 10. Bg5 d4 11.
Ne4 Be7 12. Nxf6+ Bxf6 13. Bxf6 Qxf6 14. Qd2 Bf5 15. Rfd1 Rfd8 16. Ne1 Rac8 17. Rac1 Qe6 18. b3 Qf6 19. Nd3 Re8 20. Nf4 Red8 21. Rc5 Bg4 22.
Rdc1 Re8 23. h3 Bd7 24. Bd5 a5 25. a3 Ne7 26. Bxb7 Rxc5 27. Rxc5 Rb8 28. Nd5 Nxd5 29.
Bxd5 Bxh3 30. Qxa5 Qg6 31. Rc1 h6 32. Qc7 Rc8 33. Qxc8+ Bxc8 34. Rxc8+ Kh7 35. f3 Qb1+ 36. Kf2 Qb2 37. a4 Qa3 38. Rc4 Qd6 39. Rxd4 Qb6 40. e3 f6 41. Be4+ Kg8 42. Rd8+ 1-0

[Event "Early-Titled-Tuesday-Blitz-February-27-2024"]
[Site "Chess.com"]
[Date "2024.02.27"]
[Round "9"]
[White "ajian"]
[Black "NikitaShnadrygin"]
[Result "0-1"]
[WhiteElo "2472"]
[BlackElo "2615"]
[TimeControl "180+1"]
[EndTime "9:45:28 PST"]
[Termination "NikitaShnadrygin won on time"]

1. d4 d5 2. c4 Nc6 3. Nf3 Bg4 4. Nc3 e6 5. e3 Nf6 6. Be2 Be7 7. O-O O-O 8. h3 Bh5 9. a3 a5 10. b3 Nb8 11. Bb2 c6 12. Rc1 Nbd7 13. Ra1 Qb6 14. Na4 Qc7 15. Rc1 Ne4 16. Nd2 Bxe2 17. Qxe2 f5 18.
Nf3 Qd8 19. Rc2 Qe8 20. Ne1 g5 21. Nd3 h5 22. Rfc1 g4 23. Nf4 Qf7 24. Kh2 Bg5 25.
f3 Nef6 26. Bc3 Rfe8 27. Nc5 Nxc5 28. dxc5 e5 29. Nd3 d4 30. Bd2 e4 31. Nf4 Bxf4+ 32. exf4 d3 33. Qf2 dxc2 34. Rxc2 Qg7 35. Bc3 g3+ 36.
Qxg3 Qxg3+ 37. Kxg3 Kf7 38. Rd2 Rad8 39. Re2 exf3 40.
Rxe8 Rxe8 41. gxf3 Rd8 42. Bxa5 Rd3 43. Bb4 Rxb3 44.
Kh4 Kg6 45. Ba5 Rxf3 46. Bd8 Ne4 0-1

[Event "Early-Titled-Tuesday-Blitz-February-27-2024"]
[Site "Chess.com"]
[Date "2024.02.27"]
[Round "9"]
[White "Kev4444444444"]
[Black "banhgiahuy2606"]
[Result "0-1"]
[WhiteElo "2364"]
[BlackElo "2660"]
[TimeControl "180+1"]
[EndTime "9:45:29 PST"]
[Termination "banhgiahuy2606 won on time"]

1. Nf3 Nf6 2. g3 g6 3. Bg2 Bg7 4. O-O O-O 5. c4 d6 6. Nc3 c5 7.
d4 Nc6 8. d5 Na5 9. Qd3 a6 10.
e4 b5 11. cxb5 axb5 12. Nxb5 Ba6 13. a4 c4 14. Qc2 Nb3 15. Ra3 Nxc1 16. Rxc1 Nd7 17.
Nfd4 Ne5 18. Bf1 Qb6 19. Bxc4 Bxb5 20. Nxb5 Nxc4 21. Qxc4 Bxb2 22. Rca1 Bxa1 23. Rxa1 Rfc8 24. Qb3 Qc5 25. Rb1 Qc4 26. f3 Qxb3 27. Rxb3 Rxa4 28. Nc3 Rac4 29. Ne2 Rc2 30. Kf2 Rd2 31. Re3 Rcc2 32. h4 Kg7 33. f4 h5 34. Kf3 Rc5 35. Kf2 Ra2 36. Kf3 Kf8 37. Nd4 Rc1 38. Ne2 f5 39. Nxc1 Rc2 40. Nd3 fxe4+ 41. Kxe4 Kf7 0-1

[Event "Early-Titled-Tuesday-Blitz-February-27-2024"]
[Site "Chess.com"]
[Date "2024.02.27"]
[Round "9"]
[White "BogdanDeac"]
[Black "AttackSparrow"]
[Result "1-0"]
[WhiteElo "2972"]
[BlackElo "2648"]
[TimeControl "180+1"]
[EndTime "9:45:31 PST"]
[Termination "BogdanDeac won by resignation"]

1. d4 d5 2. c4 e6 3. Nf3 Nf6 4. Bg5 Bb4+ 5. Nc3 dxc4 6. e4 c5 7. e5 cxd4 8. Nxd4 Qa5 9. exf6 Bxc3+ 10. bxc3 Qxg5 11. fxg7 Qxg7 12. Qd2 Bd7 13. O-O-O O-O 14. h4 Ba4 15. Re1 Rd8 16. Rh3 Kh8 17. Rg3 Qf6 18. Rf3 Qg7 19. Qf4 Nc6 20. Nxc6 bxc6 21. Qxf7 Qxf7 22. Rxf7 Rf8 23. Rxf8+ Rxf8 24. f3 Rf4 25. h5 Rh4 26. Rxe6 Rxh5 27. Bxc4 Rc5 28. Re4 Bb5 29.
Bxb5 cxb5 30. Kc2 Kg7 31. Kb3 h5 32. Kb4 Rg5 33. g4 h4 34. Re1 Rg6 35. Rh1 Rh6 36.
Kxb5 Kf6 37. f4 Rh8 38. Kc5 Ke6 39. Kd4 Kd6 40. Rh3 Kc6 41. Ke5 Kc5 42. Kf6 Rf8+ 43. Kg5 Kd5 44. Rxh4 Ke4 45. f5 Ke5 46. Rh6 Rg8+ 47.
Rg6 Rc8 48. Re6+ 1-0

[Event "Early-Titled-Tuesday-Blitz-February-27-2024"]
[Site "Chess.com"]
[Date "2024.02.27"]
[Round "9"]
[White "Kildepiotr"]
[Black "ural58"]
[Result "1-0"]
[WhiteElo "2686"]
[BlackElo "2489"]
[TimeControl "180+1"]
[EndTime "9:45:31 PST"]
[Termination "Kildepiotr won on time"]

1. Nf3 Nc6 2. d4 d5 3. Bf4 Bg4 4. e3 e6 5. Nbd2 Bd6 6. Bg3 f5 7. c4 Nf6 8. Qb3 Bxg3 9. hxg3 Rb8 10. Ne5 O-O 11. f3 Bh5 12. Nd3 Bf7 13. Qc3 Ne7 14. Kf2 c6 15. Ne5 Nd7 16. Nxf7 Rxf7 17. Bd3 Qc7 18.
g4 Rbf8 19. gxf5 Nxf5 20. Rh3 e5 21. Bxf5 Rxf5 22. cxd5 Nf6 23. dxc6 bxc6 24. Rc1 e4 25. Ke2 exf3+ 26. gxf3 c5 27. dxc5 Rg5 28. Ne4 Nxe4 29.
Qc4+ Rf7 30. Qxe4 h6 31. c6 Rg2+ 32. Kf1 Rxb2 33. Qe8+ Kh7 34. Qe4+ Kg8 35. Rc2 Rb1+ 36. Kf2 Qa5 37. Re2 Qc3 38. Qxb1 Qxc6 39. Qb3 Qd7 40.
Rg3 Kh8 41. Qb8+ Kh7 42. Qe5 Qd1 43. Rb2 1-0

[Event "Early-Titled-Tuesday-Blitz-February-27-2024"]
[Site "Chess.com"]
[Date "2024.02.27"]
[Round "9"]
[White "elchacal664"]
[Black "Knightmare1014"]
[Result "0-1"]
[WhiteElo "2403"]
[BlackElo "2327"]
[TimeControl "180+1"]
[EndTime "9:45:32 PST"]
[Termination "Knightmare1014 won by checkmate"]

1. e4 c5 2. Nc3 e6 3. Bc4 a6 4. a4 Qc7 5. d3 Nc6 6. f4 d6 7. Nf3 Nf6 8. O-O Be7 9. Bd2 O-O 10.
Qe1 Rd8 11. Qg3 d5 12. Ba2 Nb4 13. Bb1 b6 14. e5 Ne8 15. Ne2 d4 16. c3 Nc6 17. c4 Bb7 18. Qh3 Na5 19. Bc2 Qd7 20. Ng3 f6 21. exf6 Bxf6 22. Rae1 Bxf3 23. Rxf3 Nc7 24.
Ne4 Qf7 25. Ng5 Bxg5 26. fxg5 Qg6 27. Bd1 Nc6 28. Rg3 e5 29. Bh5 Qe6 30. Qh4 g6 31. Bf3 Rac8 32. Rh3 Qe7 33. Rf1 Ne6 34. Bd5 Kh8 35. Be4 Qg7 36. Rhf3 Rf8 37. Rxf8+ Nxf8 38. Qh3 Ne7 39. Rf6 Rb8 40. Qg3 Nd7 41. Re6 Rf8 42.
Bc6 Qf7 43. Bxd7 Qf1# 0-1

[Event "Early-Titled-Tuesday-Blitz-February-27-2024"]
[Site "Chess.com"]
[Date "2024.02.27"]
[Round "9"]
[White "artin10862"]
[Black "FoggyMorning"]
[Result "0-1"]
[WhiteElo "2877"]
[BlackElo "2680"]
[TimeControl "180+1"]
[EndTime "9:45:33 PST"]
[Termination "FoggyMorning won by resignation"]

1. Nf3 d5 2. e3 Nf6 3. b3 e6 4.
c4 Be7 5. Bb2 O-O 6. Nc3 b6 7. Rc1 dxc4 8. bxc4 c5 9. g3 Bb7 10.
Bg2 Nc6 11. O-O Rc8 12. Qe2 Nb4 13. Ne5 Bxg2 14. Kxg2 Nd7 15. Nf3 Bf6 16. a3 Nc6 17.
Rfd1 Qc7 18. d3 Rfd8 19. Ne1 a6 20. f4 b5 21. Nf3 b4 22. axb4 cxb4 23. Ne4 Bxb2 24. Qxb2 a5 25. d4 Ne7 26. c5 Nd5 27.
Kf2 N7f6 28. Nxf6+ Nxf6 29. Qc2 Qb7 30. c6 Qb6 31.
Ne5 Nd5 32. Qc5 Qc7 33. e4 Nc3 34. Rxc3 bxc3 35. Qxc3 f6 36. Nf3 Qxc6 37. Qxa5 Qxe4 38. Rd2 Rd7 39. Qa6 Rc2 40. Rxc2 Qxc2+ 41. Kg1 Qc1+ 42.
Kg2 Qb2+ 43. Kh3 Qb7 44. Qxe6+ Kf8 45. Kg2 Qd5 46. Qe3 Ra7 47. Kh3 Rb7 48. g4 Rb3 0-1

[Event "Early-Titled-Tuesday-Blitz-February-27-2024"]
[Site "Chess.com"]
[Date "2024.02.27"]
[Round "9"]
[White "Winner_7777"]
[Black "PavelShkapenko"]
[Result "1-0"]
[WhiteElo "2565"]
[BlackElo "2732"]
[TimeControl "180+1"]
[EndTime "9:45:33 PST"]
[Termination "Winner_7777 won by resignation"]

1. d4 d5 2. c4 dxc4 3. Nf3 Nf6 4. e3 Bg4 5. Bxc4 e6 6. O-O Nc6 7. Nc3 Bd6 8. h3 Bh5 9. Qb3 Bxf3 10. gxf3 e5 11.
Qxb7 Na5 12. Bb5+ Kf8 13. Qa6 exd4 14. exd4 c6 15. Bd3 Bc7 16. Ne4 Nxe4 17. Bxe4 Qxd4 18. Be3 Qe5 19. Rfd1 Qh2+ 20. Kf1 Qxh3+ 21. Ke2 Qe6 22. Rac1 Rb8 23. b4 f5 24. Bd5 Qe5 25. bxa5 cxd5 26. f4 Qe7 27. Kf1 Bd6 28. Rxd5 Rd8 29. Bc5 Bxc5 30. Rcxc5 Rxd5 31. Rxd5 Kf7 32. Rxf5+ Ke8 33. Qb5+ Qd7 34. Re5+ Kd8 35. Rd5 Qxd5 36. Qxd5+ Ke7 37. Qe5+ Kf7 38. Qc7+ Kf6 39. Qxa7 Re8 40. Qb7 Re7 41. a6 1-0

[Event "Early-Titled-Tuesday-Blitz-February-27-2024"]
[Site "Chess.com"]
[Date "2024.02.27"]
[Round "9"]
[White "Vaathi_Coming"]
[Black "HATilay"]
[Result "1-0"]
[WhiteElo "2896"]
[BlackElo "2633"]
[TimeControl "180+1"]
[EndTime "9:45:34 PST"]
[Termination "Vaathi_Coming won by resignation"]

1. Nf3 Nf6 2. Rg1 d5 3. b3 c5 4.
Bb2 Nc6 5. e3 a6 6. h3 d4 7. g4 e5 8. d3 Be7 9. a3 O-O 10. Nbd2 b5 11. Bg2 Rb8 12. Qe2 Nd5 13. Ne4 Re8 14. O-O-O Bf8 15. g5 c4 16. dxc4 bxc4 17.
Qxc4 Na5 18. Qd3 Bf5 19. Nh4 Bd7 20. exd4 Bb5 21. Qf3 Qc7 22. Nf5 Rec8 23. Rd2 Be2 24. Rxe2 Nxb3+ 25. Kd1 Nxd4 26. Nxd4 Rxb2 27. Nb3 Rxc2 28.
Rd2 Bxa3 29. Ke1 Nf4 30. Qd1 Rc4 31. f3 Bb4 32. Bf1 Bxd2+ 33. Qxd2 Rc2 34. Qb4 a5 35. Qxa5 Rc1+ 36. Kf2 Qc2+ 37. Kg3 h6 38. Qxe5 hxg5 39. Qxg5 Ne2+ 40. Kh4 Nxg1 41. Nd4 Qf2+ 42. Nxf2 Nxf3+ 43. Nxf3 R8c4+ 44. Ng4 1-0

[Event "Early-Titled-Tuesday-Blitz-February-27-2024"]
[Site "Chess.com"]
[Date "2024.02.27"]
[Round "9"]
[White "tsaruk_maks"]
[Black "Casper"]
[Result "1-0"]
[WhiteElo "2743"]
[BlackElo "2557"]
[TimeControl "180+1"]
[EndTime "9:45:34 PST"]
[Termination "tsaruk_maks won by checkmate"]

1. e4 g6 2. d4 Bg7 3. Nc3 d6 4. Be3 a6 5. h4 h5 6. Bd3 Nd7 7. Nf3 b5 8. Ng5 c5 9. Qf3 Nh6 10. e5 Nb6 11. dxc5 dxc5 12. Bxc5 O-O 13. Bxb6 Qxb6 14. Qxa8 Bb7 15. Nd5 Qa5+ 16. b4 Rxa8 17. Nxe7+ Kf8 18. bxa5 Bxe5 19. Nxg6+ fxg6 20. O-O-O Ng4 21. Kb1 Bxg2 22. Rhg1 Bd5 23. Bxg6 Bc4 24. Bxh5 Nf6 25. Bf3 Rc8 26. Bb7 Rc7 27. Bxa6 Ra7 28. Bc8 Rxa5 29.
Be6 Ke7 30. Rge1 Ng4 31. Bxc4 bxc4 32. f4 Rb5+ 33. Kc1 Kf6 34. fxe5+ Nxe5 35. Rd6+ Kf5 36. Rxe5+ Kxe5 37. Rd8 c3 38. Rd3 Rc5 39. a4 Kf5 40. a5 Rxa5 41. Rxc3 Kg4 42. Rc4+ Kg3 43. Kb2 Kf2 44. Kc3 Ke3 45. Re4+ Kf2 46. Kd4 Ra4+ 47. c4 Ra7 48. c5 Rd7+ 49. Kc4 Rd1 50. c6 Rc1+ 51.
Kd5 Rb1 52. Rc4 Rd1+ 53. Kc5 Ra1 54. c7 Ra5+ 55. Kd6 Ra8 56. Rc6 Rh8 57. Kd7 Rg8 58.
c8=Q Rg7+ 59. Ke6 Rg6+ 60. Kf5 Rg7 61. Rc2+ Kg3 62. Qc3+ Kxh4 63. Rh2# 1-0

[Event "Early-Titled-Tuesday-Blitz-February-27-2024"]
[Site "Chess.com"]
[Date "2024.02.27"]
[Round "9"]
[White "PepeCuenca"]
[Black "phantom19801127"]
[Result "1-0"]
[WhiteElo "2715"]
[BlackElo "2542"]
[TimeControl "180+1"]
[EndTime "9:45:34 PST"]
[Termination "PepeCuenca won on time"]

1. d4 Nf6 2. Bf4 d5 3. e3 a6 4.
Nd2 c5 5. c3 Nc6 6. Ngf3 cxd4 7.
exd4 Bf5 8. Be2 e6 9. O-O h6 10. Re1 Bd6 11. Bxd6 Qxd6 12. Ne5 O-O 13. Ndf3 Nd7 14.
Nxd7 Qxd7 15. a4 Qc7 16. h3 Rfe8 17. Bf1 Be4 18. Nd2 Bg6 19. Nb3 Na5 20. Nc5 Nc6 21. b4 a5 22. Bb5 Rec8 23. Bxc6 Qxc6 24. b5 Qc7 25. Re3 b6 26. Nb3 Qd6 27. Nd2 Rc7 28.
Qb3 Rac8 29. Rae1 Qf4 30. Nf3 Be4 31. Ne5 h5 32. Nc6 h4 33. Qa3 Rxc6 34. bxc6 Rxc6 35. Qb3 Qg5 36. f3 Bf5 37. R1e2 Bxh3 38. f4 Qg4 39. Qb2 Bxg2 40. Rxg2 Qxf4 41. Qf2 1-0

[Event "Early-Titled-Tuesday-Blitz-February-27-2024"]
[Site "Chess.com"]
[Date "2024.02.27"]
[Round "9"]
[White "Szparu"]
[Black "rasmussvane"]
[Result "1-0"]
[WhiteElo "2801"]
[BlackElo "2930"]
[TimeControl "180+1"]
[EndTime "9:45:35 PST"]
[Termination "Szparu won by checkmate"]

1. e4 c6 2. d4 d5 3. f3 e6 4. Nc3 Nd7 5. Be3 Bb4 6. Qd2 dxe4 7. fxe4 Ngf6 8. Bd3 e5 9. a3 Ba5 10. Nf3 exd4 11. Bxd4 Bb6 12. Bc4 O-O 13. e5 Nd5 14.
Nxd5 cxd5 15. Bxd5 Bxd4 16. Qxd4 Nb6 17. Bb3 Qe8 18. O-O Be6 19. Bxe6 Qxe6 20. Ng5 Qg6 21. Ne4 Rad8 22. Nd6 Qxc2 23. Rf2 Qg6 24. Raf1 Nc8 25. Nxc8 Rxc8 26. Qd5 Rc7 27. e6 h6 28. Qd6 Rcc8 29.
Rxf7 Rfe8 30. Qd7 Rcd8 31. Qxb7 Rxe6 32. Qxa7 Re2 33. R7f2 Rxf2 34. Qxf2 Rb8 35. b4 Ra8 36. Qe3 Qa6 37. Ra1 Qc4 38. h3 Kh7 39. Kh1 Ra6 40. Qd2 Rf6 41. a4 Re6 42. Rd1 Re4 43. b5 Qxa4 44. Qd3 Kg8 45. b6 Rb4 46. Qd5+ Kh7 47. Qf5+ g6 48. Qf7+ Kh8 49. Rd8+ Qe8 50. Rxe8# 1-0

[Event "Early-Titled-Tuesday-Blitz-February-27-2024"]
[Site "Chess.com"]
[Date "2024.02.27"]
[Round "9"]
[White "ikhasu"]
[Black "GMJustin"]
[Result "0-1"]
[WhiteElo "2429"]
[BlackElo "2352"]
[TimeControl "180+1"]
[EndTime "9:45:35 PST"]
[Termination "GMJustin won on time"]

1. e4 c5 2. Nc3 Nc6 3. f4 e6 4.
Nf3 Qc7 5. Bc4 a6 6. a4 g6 7.
d3 Bg7 8. O-O Nge7 9. Qe1 Nd4 10. Nxd4 cxd4 11. Ne2 d5 12. exd5 exd5 13. Bb3 O-O 14.
Qf2 Nf5 15. Bd2 Re8 16. Rfe1 Ne3 17. c3 Qb6 18. Nxd4 Bxd4 19. cxd4 Qxb3 20. Rxe3 Rxe3 21. Qxe3 Bf5 22. Bc3 Qc2 23. Rc1 Qxd3 24. Qxd3 Bxd3 25. Bb4 Re8 26. Rc7 b5 27. axb5 axb5 28. Be7 Kg7 29. Kf2 h5 30. g3 Bc4 31. Kf3 Ra8 32. Bd6 Ra2 33. Be5+ Kf8 34. Bf6 Ke8 35. Rc8+ Kd7 36. Rd8+ Ke6 37. Be5 Rxb2 38. Rd6+ Ke7 39. f5 Rb3+ 40. Kf4 gxf5 41. Rc6 b4 42. Kxf5 Rb2 43. Rc7+ Kd8 44. Rb7 b3 0-1